 Dungeon Crawl Stone Soup version 0.30.1-11-g7821555f0a (webtiles) character file.

Game seed: 14215810173331787493

584 Peloso the Slasher (level 7, -5/60 HPs)
             Began as a Minotaur Fighter on Dec 9, 2023.
             Slain by an ogre
             ... wielding a +0 giant club
              (22 damage)
             ... on level 4 of the Dungeon.
             The game lasted 00:05:01 (2621 turns).

Peloso the Slasher (Minotaur Fighter)               Turns: 2621, Time: 00:05:01

Health: -5/60      AC: 11    Str: 21    XL:     7   Next: 14%
Magic:  6/6        EV:  8    Int:  5    God:
Gold:   185        SH:  5    Dex: 11    Spells: 6/6 levels left

rFire   . . .        a - +0 long sword
rCold   . . .        d - +0 buckler
rNeg    + . .        c - +0 chain mail {rN+}
rPois   .            (helmet restricted)
rElec   .            (no cloak)
rCorr   .            (no gloves)
SInv    .            g - +0 pair of boots
Will    .....        (no amulet) Stlth
                     (no ring)
HPRegen 0.30/turn    (no ring)
MPRegen 0.10/turn

%: no passive effects
@: no status effects
A: horns 2, retaliatory headbutt
a: no special abilities


You were on level 4 of the Dungeon.
You visited 1 branch of the dungeon, and saw 4 of its levels.

You collected 185 gold pieces.

Inventory:

Hand Weapons
 a - a +0 long sword (weapon)
Armour
 b - a +0 scale mail
 c - a +0 chain mail of positive energy (worn)
 d - a +0 buckler (worn)
 g - a +0 pair of boots (worn)
Wands
 m - a wand of light (12)
 s - a wand of mindburst (7)
Scrolls
 f - a scroll of magic mapping {unknown}
 h - 2 scrolls of identify
 l - a scroll of fog {unknown}
 n - a scroll of fear {unknown}
 p - a scroll of blinking {unknown}
 t - a scroll of noise {unknown}
Potions
 e - a potion of might
 j - a potion of haste
 k - a potion of curing
 o - a potion of degeneration {unknown}
 q - a potion of mutation {unknown}
 r - 2 potions of attraction {unknown}


   Skills:
 + Level 4.8 Fighting
 + Level 6.4 Long Blades
 + Level 5.3 Armour
 + Level 1.8 Dodging
 + Level 1.5 Stealth
 + Level 4.6 Shields
 + Level 0.6 Evocations


You had 6 spell levels left.
You didn't know any spells.
Your spell library was empty.

Dungeon Overview and Level Annotations

Branches:
Dungeon (4/15)
 Temple: D:4-7

Altars:

Shops:
D:2 [


Innate Abilities, Weirdness & Mutations

You have a pair of horns on your head.
You reflexively headbutt those who attack you in melee.


Message History

The endoplasm quivers.
The ogre shouts!
There is a large open door here.
There are monsters nearby!
There are monsters nearby!
The quokka completely misses you. The ogre attacks as you move away!
The ogre barely misses you. The quokka attacks as you move away!
You block the quokka's attack.
There is a large open door here.
There is a large open door here.
You slash the quokka!
You kill the quokka!
You hit the ogre.
The ogre is lightly wounded.
The ogre barely misses you. You furiously retaliate!
You headbutt the ogre. You hit the ogre but do no damage.
Your headbutt misses the ogre.
The ogre is lightly wounded.
The ogre hits you with a +0 giant club.
You hit the ogre.
The ogre is lightly wounded.
The ogre hits you with a +0 giant club!!
You hit the ogre.
The ogre is moderately wounded.
You barely miss the ogre. You headbutt the ogre.
The ogre is moderately wounded.
The ogre closely misses you. You furiously retaliate!
You headbutt the ogre. You slash the ogre!
The ogre is severely wounded.
The ogre hits you with a +0 giant club!!
* * * LOW HITPOINT WARNING * * *
You feel much better.
Unknown command.
You barely miss the ogre. Your headbutt misses the ogre.
The ogre is severely wounded.
The ogre hits you with a +0 giant club!!
* * * LOW HITPOINT WARNING * * *
You hit the ogre but do no damage.
The ogre is severely wounded.
The ogre hits you with a +0 giant club!!
You die...

##################
#......##.........
+......@OJ........
#......##.........
#####......##.........
#.......#####.........
........#####.....?...
...........##.........
...........##.........
...........########+##
#..#####.............


You could see an ogre and an endoplasm.

Vanquished Creatures
  Sigmund (D:3)
  Menkaure (D:4)
  An ogre (D:4)
  Ijyb (D:3)
  Terence (D:3)
  Robin (D:3)
  7 adders
  2 worms (D:2)
  4 dart slugs
  5 orcs
  4 bats
  8 endoplasms
  A giant cockroach (D:1)
  6 hobgoblins
  3 jackals (D:1)
  5 kobolds
  4 quokkas
  4 ball pythons
  4 frilled lizards
  10 goblins
  7 rats
80 creatures vanquished.

Notes
Turn   | Place    | Note
-------+----------+-------------------------------------------
     0 | D:1      | Peloso the Minotaur Fighter began the quest for the Orb.
     0 | D:1      | Reached XP level 1. HP: 19/19 MP: 0/0
   166 | D:1      | Reached XP level 2. HP: 27/27 MP: 1/1
   680 | D:2      | Reached XP level 3. HP: 33/33 MP: 2/2
   980 | D:2      | Reached skill level 3 in Long Blades
  1055 | D:2      | Reached XP level 4. HP: 40/40 MP: 3/3
  1210 | D:2      | Found Hosigudi's Armour Emporium.
  1434 | D:3      | Noticed Robin
  1441 | D:3      | Killed Robin
  1565 | D:3      | Noticed Sigmund
  1571 | D:3      | Killed Sigmund
  1572 | D:3      | Reached skill level 5 in Long Blades
  1572 | D:3      | Reached skill level 1 in Dodging
  1572 | D:3      | Reached XP level 5. HP: 38/47 MP: 4/4
  1628 | D:3      | You fall into a shaft and drop 1 floor!
  1700 | D:3      | Noticed Terence
  1709 | D:3      | Killed Terence
  1710 | D:3      | Reached XP level 6. HP: 48/53 MP: 5/5
  1930 | D:3      | Noticed Ijyb
  1945 | D:3      | Killed Ijyb
  1946 | D:3      | Reached skill level 5 in Armour
  2442 | D:4      | Reached skill level 6 in Long Blades
  2442 | D:4      | Reached skill level 1 in Stealth
  2591 | D:4      | Noticed Menkaure
  2597 | D:4      | Killed Menkaure
  2598 | D:4      | Reached XP level 7. HP: 60/60 MP: 6/6
  2621 | D:4      | Slain by an ogre

Illustrated notes

Levels and vault maps discovered:
D:1:      heliophobic_arrival_enchanted_forest, layout_loops_ring,
          minmay_statues_item
D:2:      layout_loops_ring, serial_shops, nicolae_shop_tiny_real_fake_doors,
          st_stairs_2, chequers_serial_rivers_micro_b, minmay_tetromino_s4
D:3:      layout_basic, uniq_sigmund, uniq_robin, uniq_terence, uniq_ijyb
D:4:      layout_basic, uniq_menkaure

Skill      XL: |  1  2  3  4  5  6 |
---------------+-------------------+-----
Armour         | 4 5 |  5.3
Shields        | 4 |  4.6
Fighting       | 4 |  4.8
Long Blades    | 3 5 6 |  6.4
Dodging        | 1 |  1.8
Stealth        | 1 |  1.5
Evocations     | |  0.6

Action                     |  1- 3 |  4- 6 |  7- 9 || total
---------------------------+-------+-------+-------++-------
  Melee: Long sword        |   102 |    92 |     9 ||   203
         Headbutt          |    11 |    19 |     1 ||    31
  Evoke: Wand              |       |     6 |       ||     6
    Use: Potion            |     1 |     1 |     1 ||     3
         Scroll            |       |     2 |       ||     2
   Stab: Invisible         |       |     7 |       ||     7
 Armour: Chain mail        |    81 |    55 |       ||   136
         Scale mail        |     1 |       |       ||     1
  Dodge: Dodged            |    42 |    29 |     4 ||    75
  Block: Buckler           |    16 |    18 |     1 ||    35
